Map: Ruins of Seras

Players

WhaleTail (TooDming)

  • Race: Zerg Zerg
  • League: Grandmaster

INnoVation - Winner!

  • Race: Terran Terran
  • League: Grandmaster

Event: NationWars III

VOD

https://www.youtube.com/watch?v=RXXgvtTTrKA

Description

Time

  • Played on: Jan. 2, 2016, 11:45 a.m.
  • Length: 10:07
Show
View Real Time Build Order
Export as new Build Order

WhaleTail Zerg 

Build Orders: Hatch First 

Get SALT Encoding   

  12  0:01  Drone  
  13  0:13  Overlord  
  13  0:17  Drone  
  14  0:31  Drone x2  
  14  0:35  Drone  
  17  0:53  Hatchery  
  17  0:56  Drone  
  17  0:59  Drone  
  18  1:13  Spawning Pool  
  18  1:17  Drone  
  18  1:19  Drone  
  19  1:42  Drone  
  19  1:44  Drone  
  21  1:47  Hatchery  
  20  1:57  Extractor  
  20  2:00  Queen  
  21  2:04  Queen  
  21  2:07  Zergling x2  
  24  2:13  Overlord  
  24  2:22  Drone x2  
  26  2:25  Drone  
  26  2:27  Drone  
  28  2:32  Drone  
  28  2:36  Drone  
  30  2:46  Drone x2  
  30  2:49  Drone  
  33  2:54  Drone  
  34  2:58  Lair  
  34  3:00  Drone  
  35  3:05  Drone  
  35  3:07  Overlord  
  36  3:18  Drone x3, Queen  
  41  3:22  Overlord  
  41  3:27  Drone x2  
  41  3:28  Drone  
  41  3:31  Drone  
  41  3:32  Drone  
  46  3:41  Roach Warren  
  46  3:42  Evolution Chamber  
  46  3:45  Drone x2  
  46  3:46  Drone  
  46  3:53  Extractor  
  46  3:54  Extractor  
  45  3:55  Drone  
  45  3:57  Queen  
  45  3:58  Drone  
  45  4:00  Overlord  
  48  4:09  Drone  
  49  4:10  Overlord  
  48  4:20  Drone  
  48  4:21  Drone  
  48  4:22  Glial Reconstitution  
  49  4:25  Roach x2  
  49  4:26  Roach  
  49  4:27  Roach  
  49  4:29  Roach x2  
  61  4:34  Overseer  
  61  4:39  Queen  
  61  4:41  Pneumatized Carapace  
  63  4:55  Roach x3  
  63  4:57  Overlord x2  
  67  5:08  Spore Crawler, Drone  
  67  5:09  Drone x2  
  66  5:25  Drone x4  
  66  5:28  Roach x4  
  79  5:42  Roach  
  79  5:43  Roach x2  
  79  5:47  Queen  
  79  5:49  Overlord  
  85  5:52  Zerg Missile Weapons Level 1  
  85  6:11  Roach  
  85  6:12  Roach x5  
  85  6:18  Overlord x2  
  87  6:40  Roach x7  
  89  6:52  Roach  
  89  6:53  Roach x3  
  81  6:56  Roach  
  81  6:58  Roach x2  
  81  6:59  Roach  
  83  7:09  Roach x3  
  89  7:19  Roach x3  
  95  7:23  Queen x2  
  99  7:36  Overlord  
  99  7:38  Roach x6  
  99  7:40  Overseer  
  109  7:59  Roach x5  
  117  8:12  Roach x2  
  121  8:30  Overlord  
  121  8:31  Overlord  
  121  8:51  Roach x4  
  129  8:56  Overlord x2  
  129  9:18  Roach x8  
  129  9:23  Roach  
  145  9:24  Overlord x2  
  143  9:34  Overlord x2  
  143  9:41  Roach  
  143  9:45  Roach  
  143  9:46  Roach x5  
Show
View Real Time Build Order
Export as new Build Order

INnoVation Terran - Winner!

Build Orders: Reaper Expand, Bio Tank, MMM Bio, Banshee Rush 

Get SALT Encoding   

  12  0:00  SCV  
  13  0:12  SCV  
  14  0:17  Supply Depot  
  14  0:25  SCV  
  15  0:39  SCV  
  15  0:40  Barracks  
  16  0:44  Refinery  
  16  0:51  SCV  
  17  1:03  SCV  
  18  1:15  SCV  
  19  1:28  Reaper, Orbital Command  
  20  1:41  Command Center  
  20  1:49  Supply Depot  
  20  1:54  SCV  
  21  2:00  Marine  
  22  2:06  SCV  
  23  2:09  Factory  
  23  2:15  Refinery  
  23  2:18  SCV  
  23  2:22  Barracks Reactor  
  24  2:30  SCV  
  25  2:42  SCV  
  26  2:54  Orbital Command  
  26  2:55  SCV, Starport  
  27  3:01  Hellion  
  27  3:02  Hellion  
  31  3:11  SCV  
  32  3:13  Barracks Tech Lab  
  32  3:20  SCV  
  32  3:23  SCV, Hellion x2  
  38  3:32  SCV  
  39  3:36  SCV, Supply Depot  
  39  3:39  Barracks Tech Lab  
  39  3:40  Banshee  
  43  3:44  SCV  
  43  3:48  SCV  
  45  3:49  Cloaking Field  
  45  3:56  SCV  
  45  3:57  Marine  
  45  3:58  Stimpack  
  45  3:59  Supply Depot  
  45  4:00  SCV  
  48  4:08  SCV  
  48  4:09  Factory Reactor  
  49  4:12  SCV  
  50  4:20  SCV  
  50  4:22  Command Center, Banshee  
  53  4:24  SCV  
  54  4:32  Barracks  
  54  4:33  SCV, Marine  
  54  4:36  SCV  
  57  4:43  Supply Depot  
  57  4:47  SCV  
  57  4:48  SCV  
  57  4:50  Barracks  
  57  4:51  Marine  
  60  4:53  Factory Tech Lab  
  60  4:59  SCV, Bunker  
  61  5:00  Supply Depot, Refinery, SCV  
  62  5:07  Banshee  
  62  5:13  Siege Tank  
  68  5:17  Engineering Bay  
  68  5:18  SCV x2  
  68  5:20  Engineering Bay  
  70  5:21  Refinery  
  70  5:22  Marine  
  68  5:30  SCV x2  
  68  5:31  Marine x2  
  72  5:36  Orbital Command  
  72  5:38  Marine x2  
  72  5:39  Marine  
  75  5:45  Siege Tank  
  79  5:50  SCV x2  
  79  5:53  Marine x2  
  79  5:56  Marine  
  83  5:58  Terran Infantry Weapons Level 1  
  83  6:01  Starport Reactor  
  83  6:02  Terran Infantry Armor Level 1, Marine  
  82  6:04  Marine  
  82  6:10  Missile Turret  
  79  6:13  Missile Turret  
  77  6:20  Siege Tank  
  77  6:23  Marine x2  
  82  6:27  Combat Shields  
  82  6:35  Marine x2  
  82  6:36  Marine  
  84  6:41  Marine x2  
  83  6:53  Marine x3  
  72  6:58  Marine  
  71  7:02  Siege Tank  
  71  7:06  SCV  
  75  7:12  Bunker, Medivac  
  75  7:14  Medivac  
  75  7:15  Marine  
  80  7:16  Marine  
  80  7:17  Marine  
  80  7:18  Marine  
  80  7:20  Marine  
  84  7:25  Supply Depot  
  84  7:32  Marine  
  84  7:33  Marine  
  84  7:35  Marine x2  
  84  7:36  Supply Depot  
  91  7:39  Marauder  
  93  7:46  Orbital Command  
  93  7:47  SCV x2, Medivac x2  
  93  7:49  Supply Depot  
  98  7:55  Siege Tank, Marine x3  
  98  7:57  Marine  
  102  8:00  SCV x2, Marauder  
  102  8:03  Supply Depot  
  102  8:05  Barracks  
  106  8:07  Supply Depot  
  106  8:10  Barracks  
  106  8:11  SCV  
  106  8:12  SCV, Missile Turret  
  108  8:13  SCV  
  108  8:18  Marine x4  
  113  8:21  Marauder  
  113  8:23  Medivac  
  113  8:25  Medivac  
  119  8:29  Supply Depot  
  119  8:30  Armory  
  119  8:32  Supply Depot  
  119  8:35  SCV x2  
  119  8:40  Siege Tank  
  124  8:44  SCV  
  124  8:47  SCV  
  126  8:53  Medivac  
  126  8:55  Medivac  
  130  8:59  Supply Depot  
  130  9:01  SCV, Sensor Tower  
  130  9:02  SCV  
  132  9:03  SCV  
  132  9:04  Barracks Reactor  
  133  9:12  Siege Tank  
  133  9:13  SCV  
  133  9:14  SCV  
  133  9:15  SCV, Refinery  
  139  9:23  Supply Depot  
  137  9:26  SCV x2  
  137  9:27  SCV  
  138  9:32  Marine x3, Refinery, Marauder  
  138  9:33  Marine, Marauder  
  138  9:38  SCV  
Tags
 
Add a new tag
Caveats
  • Supply blocks, unpowered buildings, or Contaminate may cause inaccurate times.
  • Supply counts are checked every 10 seconds.